 Dungeon Crawl Stone Soup version 0.22-a0-409-gb855193 (webtiles) character file.

104 Serpenta the Slasher (level 4, 0/39 HPs)
             Began as a Barachi Chaos Knight on May 10, 2018.
             Slain by an iron imp (10 damage)
             ... summoned by Eustachio
             ... on level 4 of the Dungeon.
             The game lasted 00:05:30 (2831 turns).

Serpenta the Slasher (Barachi Chaos Knight)         Turns: 2831, Time: 00:05:31

Health: 0/39       AC:  5    Str: 14    XL:     4   Next: 80%
Magic:  4/4        EV: 11    Int: 13    God:    Xom [..*...]
Gold:   108        SH:  0    Dex: 11    Spells: 3/3 levels left

rFire    . . .     SeeInvis .   a - +0 falchion (chaos)
rCold    . . .     Gourm    .   (no shield)
rNeg     . . .     Faith    .   b - +2 leather armour
rPois    .         Spirit   .   d - +0 hat
rElec    .         Reflect  .   (no cloak)
rCorr    .         Harm     .   (no gloves)
MR       .....                  (no boots)
Stlth    +.........             (no amulet)
HPRegen  0.13/turn              (no ring)
MPRegen  0.09/turn              (no ring)

@: slow
A: +LOS, swims, slowness 1, strong legs 1
a: Hop, Renounce Religion


You were on level 4 of the Dungeon.
You worshipped Xom.
You were a toy of Xom.
You were not hungry.

You visited 1 branch of the dungeon, and saw 4 of its levels.

You collected 148 gold pieces.
You spent 40 gold pieces at shops.


Innate Abilities, Weirdness & Mutations

Shadows flee at your approach. (+LOS)
You can swim through water.
You cover ground slowly.
You can hop short distances.


   Skills:
 + Level 5.2 Fighting
 + Level 5.2 Long Blades
 - Level 2.4 Armour
 - Level 1.1 Dodging


You had 3 spell levels left.
You didn't know any spells.

Action                   |  1- 3 |  4- 6 || total
-------------------------+-------+-------++-------
Melee: Falchion          |    67 |    76 ||   143
  Use: Scroll            |       |     6 ||     6
       Potion            |       |     2 ||     2
 Stab: Petrifying        |       |     1 ||     1
       Sleeping          |       |     1 ||     1
  Eat: Chunk             |     2 |     4 ||     6
       Ration            |       |     1 ||     1
Armor: Leather armour    |    17 |    35 ||    52
Dodge: Dodged            |    41 |    48 ||    89
       Rpst.: Falchion   |    15 |    19 ||    34

Inventory:

Hand Weapons
 a - a +0 falchion of chaos (weapon)
 h - a +0 great sword
Armour
 b - a +2 leather armour (worn)
 d - a +0 hat (worn)
Scrolls
 e - a scroll of enchant armour {unknown}
 j - a scroll of fog {unknown}
 m - a scroll of blinking {unknown}
 n - 2 scrolls of teleportation
Potions
 f - a potion of agility
 g - 2 potions of mutation
 l - 2 potions of ambrosia
 o - a potion of lignification
Comestibles
 c - 4 rations

#. #...# ###.
##...# ####..#
##..#.# ##
#.....####.### #
##..###.....##..##
#........♣.....##
#......♣.∩.♣..##
#........♣.5###
#........†@##
##..##.5.5..## ##
###.....##
#####..## ###.##
##.## ##.## ###
#..#
....#######..#


You could see 2 iron imps and a quasit.

Vanquished Creatures
  4 adders
  3 dart slugs
  A leopard gecko (D:3)
  3 orcs (D:3)
  5 bats
  2 giant cockroaches
  7 goblins
  2 hobgoblins
  6 jackals (D:1)
  A quokka (D:3)
  5 frilled lizards
  3 kobolds
  10 rats
52 creatures vanquished.

Vanquished Creatures (collateral kills)
  An adder (D:4)
1 creature vanquished.

Vanquished Creatures (others)
  A goblin (D:2)
1 creature vanquished.

Grand Total: 54 creatures vanquished

Vault maps used:
D:1:      matt_arrival_refuge, hex_medium
D:2:      nicolae_overflow_hidden_temple, fiery_altar_vehumet,
          lemuel_crystal_altar
D:3:      serial_park_tiny_1, hangedman_decor_push,
          nicolae_ru_the_path_less_chosen
D:4:      tso_altar, lemuel_doored_altar, serial_shops, shop,
          nicolae_shop_trees, shop, nicolae_shop_crystal, shop, first_ration,
          uniq_eustachio


Message History

It was a potion of ambrosia.
You are confused.
You feel invigorated.
Xom thinks this is hilarious!
You hear some strange, mumbled words.
You feel less invigorated.
You feel less confused.
You hear some strange, mumbled words.
Something hits you.
You see here an adder corpse.
You miss something. Something hits you but does no damage.
You barely miss something. Something hits you but does no damage.
You barely miss something. The iron imp hits you!
* * * LOW HITPOINT WARNING * * *
You hear some strange, mumbled words.
You miss something.
The quasit bites you but does no damage.
The quasit barely misses you. The quasit misses you. The iron imp hits you!
You die...
Xom giggles madly!

Notes
Turn   | Place    | Note
-------+----------+-------------------------------------------
     0 | D:1      | Serpenta the Barachi Chaos Knight began the quest for the Orb.
     0 | D:1      | Reached XP level 1. HP: 18/18 MP: 1/1
    87 | D:1      | XOM: silly message
   279 | D:1      | Reached XP level 2. HP: 25/25 MP: 2/2
   844 | D:1      | XOM: silly message
   849 | D:1      | XOM: divination: detect items
   942 | D:1      | Reached XP level 3. HP: 31/31 MP: 3/3
  1059 | D:2      | Found a radiant altar of Vehumet.
  1182 | D:2      | XOM is BORED!
  1182 | D:2      | XOM: silly message
  1227 | D:2      | Reached XP level 4. HP: 38/38 MP: 4/4
  1259 | D:2      | Found a sacrificial altar of Ru.
  1317 | D:2      | Found a hazy altar of Hepliaklqana.
  1543 | D:3      | XOM: harmless Tmut miscast
  1602 | D:3      | Reached skill level 5 in Fighting
  1602 | D:3      | Reached skill level 5 in Long Blades
  1910 | D:3      | Found a sacrificial altar of Ru.
  2117 | D:3      | XOM: medium Conj miscast
  2628 | D:4      | XOM: noise
  2726 | D:4      | Found a blossoming altar of Fedhas.
  2742 | D:4      | Found Viussol's Distillery.
  2752 | D:4      | Bought a potion of agility for 40 gold pieces
  2760 | D:4      | Noticed Eustachio
  2776 | D:4      | XOM: enchant monster (good)
  2796 | D:4      | XOM: confuse monster(s)
  2798 | D:4      | XOM: cast spell 'Summon Ice Beast'
  2831 | D:4      | Slain by an iron imp
